 Dungeon Crawl Stone Soup version 0.30-a0-368-g86fb4627a9 (webtiles) character file.

Game seed: 10337952306350912229

886 Conn the Firebug (level 8, -1/48 HPs)
             Began as an Octopode Fire Elementalist on Nov 19, 2022.
             Constricted to death by Pikel (6 damage)
             ... on level 5 of the Dungeon.
             The game lasted 00:10:11 (4656 turns).

Conn the Firebug (Octopode Fire Elementalist)       Turns: 4656, Time: 00:10:11

Health: -1/48      AC:  1    Str:  7    XL:     8   Next: 5%
Magic:  10/14      EV: 10    Int: 25    God:
Gold:   324        SH:  0    Dex: 13    Spells: 2/15 levels left

rFire   . . .      SeeInvis .    x - +0 rapier
rCold   . . .      Faith    .    (no shield)
rNeg    . . .      Spirit   .    (helmet restricted)
rPois   .          Reflect  .    (no amulet)
rElec   .          Harm     .    f - +6 ring of intelligence
rCorr   .          Rampage  .    k - ring of wizardry
Will    .....                    e - ring of ice
Stlth   ++++......               u - ring of fire
HPRegen 0.28/turn                (no ring)
MPRegen 0.14/turn                (no ring)
                                 (no ring)
                                 (no ring)

@: grasped by roots, constricted
A: almost no armour, amphibious, 8 rings, camouflage 1, gelatinous body 1,
(nimble swimmer 1), tentacles
a: no special abilities


You were on level 5 of the Dungeon.
You visited 1 branch of the dungeon, and saw 5 of its levels.

You collected 350 gold pieces.
You spent 26 gold pieces at shops.

Inventory:

Hand Weapons
 d - a +0 dagger
 x - a +0 rapier (weapon)
Magical Staves
 o - a staff of poison
Jewellery
 e - a ring of ice (on tentacle)
 f - a +6 ring of intelligence (left tentacle)
 k - a ring of wizardry (right tentacle)
 u - a ring of fire (on tentacle)
 y - a ring of ice
Wands
 t - a wand of roots (8)
 z - a wand of polymorph (7)
Scrolls
 g - a scroll of silence
 h - a scroll of immolation
 i - a scroll of amnesia {unknown}
 j - a scroll of poison
 l - a scroll of blinking
 m - a scroll of teleportation
 q - a scroll of summoning {unknown}
 r - a scroll of enchant armour {unknown}
 s - a scroll of vulnerability {unknown}
 v - a scroll of identify
Potions
 b - 2 potions of flight
 c - a potion of mutation {unknown}
 n - a potion of attraction {unknown}
 p - a potion of curing
 w - 2 potions of degeneration {unknown}


   Skills:
 + Level 1.1 Fighting
 + Level 2.1 Short Blades
 + Level 2.7 Dodging
 + Level 4.9 Stealth
 + Level 4.2 Spellcasting
 + Level 3.6 Conjurations
 + Level 0.1 Hexes
 + Level 5.8 Fire Magic


You had 2 spell levels left.
You knew the following spells:

 Your Spells              Type           Power      Damage    Failure   Level
a - Foxfire               Conj/Fire      100%       2x1d9     1%          1
b - Kindle Blastsparks    Fire/Tloc/Air  44%        2d13      4%          3
c - Inner Flame           Hex/Fire       30%        N/A       3%          3
d - Flame Wave            Conj/Fire      43%        2d11      4%          4
e - Scorch                Fire           100%       2d10      1%          2

Your spell library contained the following spells:

 Spells                   Type           Power      Damage    Failure   Level
 Freeze                   Ice            28%        1d5       3%          1
 Sublimation of Blood     Necr           5%         N/A       6%          2
 Wereblood                Tmut           5%         N/A       6%          2
 Hailstorm                Conj/Ice       21%        3d6       5%          3
 Frozen Ramparts          Ice            14%        1d3       11%         3
 Summon Hydra             Summ           2%         N/A       100%        7


Dungeon Overview and Level Annotations

Branches:
Dungeon (5/15)
 Temple: D:4-7

Altars:
Kikubaaqudgha
Okawaru

Shops:
D:1 =   D:4 *

Annotations:
D:5 Pikel


Innate Abilities, Weirdness & Mutations

You cannot wear most types of armour.
You are amphibious.
You can wear up to eight rings at the same time.
Your skin changes colour to match your surroundings (Stealth+).
Your rubbery body absorbs attacks. (AC +1, EV +1)
((You are camouflaged when in or above water. (Stealth+)))
You have tentacles for arms and can constrict up to eight enemies at once.


Message History

The foxfire hits Pikel but does no damage.
Pikel is lightly wounded.
Pikel zaps a wand.
The roots erupt in riotous growth!
The grasping roots grab you!
Pikel is unaffected.
The lemure is unaffected.
The grasping roots constrict you.
Unknown command.
Casting: Foxfire (safe; 1% risk of failure)
Confirm with . or Enter, or press ? or * to list all spells.
Okay, then.
Unknown command.
Unknown command.
Magic courses through your body.
You constrict Pikel, but do no damage. The lemure completely misses you.
Pikel hits you but does no damage. The grasping roots constrict you.
Casting: Foxfire (safe; 1% risk of failure)
Confirm with . or Enter, or press ? or * to list all spells.
Casting: Flame Wave (dangerous; 4% risk of failure)
Press: ? - help, Dir - look around, f - activate You feel a surge of power!
A wave of flame ripples out!
The flame wave engulfs Pikel!!
Pikel is severely wounded.
The flame wave engulfs the lemure!
The lemure is moderately wounded. (Press . to intensify the flame waves.)
You constrict Pikel, but do no damage. The lemure hits you.
Pikel hits you with a +2 whip of freezing!
Pikel freezes you. The grasping roots constrict you!
* * * LOW HITPOINT WARNING * * *
A wave of flame ripples out!
The flame wave engulfs Pikel.
Pikel is almost dead.
The flame wave engulfs the lemure!
You kill the lemure!
That felt strangely unrewarding.
You constrict Pikel.
Pikel hits you with a +2 whip of freezing.
* * * LOW HITPOINT WARNING * * *
Pikel freezes you.
* * * LOW HITPOINT WARNING * * *
The grasping roots constrict you.
You die...

....##...######....##.##
#..#...#.#...##......#
#.†..#.....#.........# ##..
....†##...######.#......#...§.
.... ##....##.####.......#
....####.#...............##
.........#.######...<#...#
............#.....#..#####
...........†...K@)#..#.
.......5.)###.....#....
..........z###...##....#
.........#..##...........
.........##..##..##.#..#..
......$.###......###...###
......... ##.....# .# ....###
####### # ...


You could see Pikel.

Vanquished Creatures
  Eustachio (D:4)
  A steam dragon (D:4)
  A black bear (D:5)
  4 lemures
  A necrophage (D:5)
  3 wights (D:5)
  2 hounds (D:4)
  An orc priest (D:4)
  2 orc wizards (D:3)
  A gnoll (D:4)
  5 adders
  A shadow imp (D:5)
  An ufetubus (D:5)
  3 worms
  4 dart slugs
  3 orcs (D:4)
  11 ball pythons
  6 endoplasms
  11 giant cockroaches
  10 hobgoblins
  2 jackals (D:2)
  2 quokkas
  7 bats
  5 frilled lizards
  11 goblins
  11 kobolds
  8 rats
118 creatures vanquished.

Vanquished Creatures (others)
  A human (D:4)
  340 foxfires
341 creatures vanquished.

Grand Total: 459 creatures vanquished

Notes
Turn   | Place    | Note
-------+----------+-------------------------------------------
     0 | D:1      | Conn the Octopode Fire Elementalist began the quest for the
                  | Orb.
     0 | D:1      | Reached XP level 1. HP: 11/11 MP: 3/3
   193 | D:1      | Found Equaqaem's Jewellery Shop.
   217 | D:1      | Reached XP level 2. HP: 13/17 MP: 1/5
   650 | D:1      | Reached XP level 3. HP: 21/21 MP: 0/6
  1552 | D:2      | Reached skill level 4 in Fire Magic
  1552 | D:2      | Reached XP level 4. HP: 27/27 MP: 3/7
  2937 | D:4      | Noticed a steam dragon
  2956 | D:3      | Reached XP level 5. HP: 30/31 MP: 8/8
  3130 | D:3      | Learned a level 2 spell: Scorch
  3134 | D:3      | Learned a level 3 spell: Kindle Blastsparks
  3138 | D:3      | Learned a level 3 spell: Inner Flame
  3153 | D:3      | Reached skill level 1 in Short Blades
  3447 | D:4      | Reached XP level 6. HP: 37/37 MP: 3/10
  3516 | D:4      | Killed a steam dragon
  3767 | D:4      | Found Balepsol's Assorted Antiques.
  3770 | D:4      | Bought a scroll labelled INYQOZX FIDGHOONT for 26 gold
                  | pieces
  3861 | D:4      | Reached skill level 5 in Fire Magic
  3945 | D:4      | Found an iron altar of Okawaru.
  3945 | D:4      | Noticed Eustachio
  3959 | D:4      | Killed Eustachio
  3960 | D:4      | Reached XP level 7. HP: 42/42 MP: 2/12
  4191 | D:4      | Found an ancient bone altar of Kikubaaqudgha.
  4191 | D:4      | Noticed a human
  4194 | D:4      | Killed a human
  4325 | D:5      | Entered Level 5 of the Dungeon
  4325 | D:5      | Noticed Pikel
  4376 | D:4      | Learned a level 4 spell: Flame Wave
  4419 | D:5      | Reached skill level 1 in Fighting
  4572 | D:5      | Reached XP level 8. HP: 48/48 MP: 3/14
  4656 | D:5      | Constricted to death by Pikel

Illustrated notes

Levels and vault maps discovered:
D:1:      onia_arrival_handbag, layout_basic, serial_shops, shop, minivault_5
D:2:      wad_crossroads, layout_basic
D:3:      minmay_roachtagon, layout_rooms, grunt_ministairs_7,
          minmay_tree_intersection, kennysheep_pointless_box
D:4:      layout_loops_ring, tgw_kikubaaqudgha, mainiacjoe_overflow_brackets,
          serial_shops, kennysheep_mini_moat, minmay_distorted, uniq_eustachio
D:5:      layout_cave_pools, mainiacjoe_overflow_alcove_4,
          lightli_church_of_beogh, uniq_pikel, uniq_duvessa

Skill      XL: |  1  2  3  4  5  6  7 |
---------------+----------------------+-----
Stealth        | 3 4 |  4.9
Fire Magic     | 4 5 |  5.8
Short Blades   | 1 2 |  2.1
Conjurations   | 2 3 |  3.6
Spellcasting   | 3 4 |  4.2
Fighting       | 1 |  1.1
Dodging        | |  2.7
Hexes          | |  0.1

Action                   |  1- 3 |  4- 6 |  7- 9 || total
-------------------------+-------+-------+-------++-------
Melee: Dagger            |    33 |    56 |       ||    89
       Tentacles         |     9 |    10 |     3 ||    22
       Constrict         |     8 |    12 |     5 ||    25
       Punch             |     1 |     1 |       ||     2
       Rapier            |       |       |     5 ||     5
 Cast: Foxfire           |    62 |    86 |    50 ||   198
       Scorch            |       |     9 |     4 ||    13
       Inner Flame       |       |     1 |       ||     1
       Flame Wave        |       |       |     1 ||     1
  Use: Potion            |       |     4 |     1 ||     5
       Scroll            |       |     7 |       ||     7
 Stab: Sleeping          |     6 |     8 |     1 ||    15
Armor: Skin              |       |     4 |     1 ||     5
Dodge: Dodged            |    26 |    40 |     3 ||    69

Table legend: (Time is in decaauts)
 A = Elapsed time spent in this place.
 B = Non-inter-level travel time spent in this place.
 C = Inter-level travel time spent in this place.
 D = Time resting spent in this place.
 E = Time spent auto-exploring this place.
 F = Levels seen in this place.
 G = Mean time per level.
                   A        B        C        D        E       F      G
               +--------+--------+--------+--------+--------+-----+--------+
         Total |   4666 |   4540 |    126 |    301 |   3022 |   5 |  933.2 |
       Dungeon |   4666 |   4540 |    126 |    301 |   3022 |   5 |  933.2 |
               +--------+--------+--------+--------+--------+-----+--------+

Top non-repeatable levels by time:
     D:3: 1276 daAuts
     D:4: 1079 daAuts
     D:1: 1075 daAuts
     D:2: 952 daAuts
     D:5: 281 daAuts
